[ AOE2 MATCH · #477827072 ]
UnrankedMongols vs Bulgarians
[ REPLAY ANALYSIS · EXTRACTED FROM THE RECORDED GAME ]
Feudal
9:19
Castle
23:01
Imperial
—
| APM avg | 33.5 |
| APM peak | 75 |
| eAPM avg | 14.2 |
| Villagers / military | 44 / 14 |
Focus
⚔️ 26.8% · 🌾 73.2%
Spearman ×9 · Scout Cavalry ×5
Feudal
9:36
Castle
23:33
Imperial
—
| APM avg | 70.3 |
| APM peak | 114 |
| eAPM avg | 22.4 |
| Villagers / military | 60 / 32 |
Focus
⚔️ 17.6% · 🌾 82.4%
Skirmisher ×22 · Archer ×7 · Militia ×3
Feudal
10:03
Castle
20:17
Imperial
—
| APM avg | 51.1 |
| APM peak | 91 |
| eAPM avg | 22.0 |
| Villagers / military | 56 / 35 |
Focus
⚔️ 16.4% · 🌾 83.6%
Cavalry Archer ×30 · Militia ×3 · Spearman ×2
Feudal
10:21
Castle
23:00
Imperial
—
| APM avg | 29.8 |
| APM peak | 63 |
| eAPM avg | 11.8 |
| Villagers / military | 70 / 25 |
Focus
⚔️ 16.8% · 🌾 83.2%
Knight ×15 · Scout Cavalry ×7 · Spearman ×3
Match map
Initial resources + every placement click. Lines = walls · curves = elevation contours. ◆ gold · ⬟ stone · ● berries · ✦ relic · ◌ wall gap
Your base· Open — unwalled flank
Axioo's base· ✓ Closed at 23:33 · 47t walls · 1 gate(s)
Blackplant's base· Open — unwalled flank
Tacinho's base· Open — 4t gap
Smoothed initial terrain · ◌ = detected wall gap · hover for details
Inputs per minute
— WookiesDERREW - - Axioo
Build order — WookiesDERREW
115 actions detected in the replay
| 0:01 | Create | Villager (Male) |
| 0:01 | Create | Villager (Male) |
| 0:01 | Create | Villager (Male) |
| 0:03 | Build | House |
| 0:04 | Build | House |
| 0:27 | Create | Villager (Male) |
| 0:27 | Create | Villager (Male) |
| 1:27 | Create | Villager (Male) |
| 2:23 | Create | Villager (Male) |
| 2:23 | Create | Villager (Male) |
| 2:24 | Create | Villager (Male) |
| 2:55 | Build | House |
| 3:20 | Create | Villager (Male) |
| 3:20 | Create | Villager (Male) |
| 3:20 | Create | Villager (Male) |
| 3:21 | Create | Villager (Male) |
| 3:21 | Create | Villager (Male) |
| 3:51 | Create | Villager (Male) |
| 3:51 | Create | Villager (Male) |
| 4:25 | Create | Villager (Male) |
| 5:08 | Build | Mill |
| 6:10 | Build | Lumber Camp |
| 6:11 | Create | Villager (Male) |
| 7:09 | Research | Feudal Age |
| 7:09 | Research | Feudal Age |
| 8:13 | Build | Barracks |
| 8:15 | Build | House |
| 8:33 | Create | Villager (Male) |
| 9:19 | Age | Feudal Age |
| 9:37 | Build | Stable |
| 9:38 | Create | Villager (Male) |
| 9:44 | Research | Double-Bit Axe |
| 9:54 | Build | Mill |
| 10:03 | Create | Villager (Male) |
| 10:12 | Create | Villager (Male) |
| 10:21 | Build | Mining Camp |
| 10:30 | Create | Scout Cavalry |
| 10:31 | Create | Scout Cavalry |
| 10:31 | Create | Scout Cavalry |
| 10:33 | Create | Villager (Male) |
| 11:08 | Create | Villager (Male) |
| 11:10 | Build | House |
| 11:11 | Build | Palisade Wall |
| 11:35 | Build | House |
| 11:42 | Create | Scout Cavalry |
| 12:10 | Build | House |
| 12:11 | Build | Palisade Wall |
| 12:20 | Create | Villager (Male) |
| 12:24 | Build | Farm |
| 12:26 | Build | Farm |
| 12:29 | Research | Loom |
| 12:29 | Create | Villager (Male) |
| 12:31 | Build | Farm |
| 12:56 | Create | Scout Cavalry |
| 13:19 | Create | Spearman |
| 13:19 | Create | Spearman |
| 13:55 | Create | Spearman |
| 14:14 | Build | Farm |
| 14:14 | Create | Villager (Male) |
| 14:14 | Create | Villager (Male) |
| 14:34 | Create | Spearman |
| 14:35 | Create | Spearman |
| 14:40 | Build | Farm |
| 14:42 | Build | Farm |
| 14:46 | Build | Farm |
| 15:35 | Create | Villager (Male) |
| 15:35 | Create | Villager (Male) |
| 15:49 | Create | Villager (Male) |
| 16:10 | Build | Farm |
| 16:13 | Build | Farm |
| 16:20 | Build | Farm |
| 16:23 | Create | Villager (Male) |
| 16:28 | Build | Farm |
| 17:40 | Create | Villager (Male) |
| 17:40 | Create | Villager (Male) |
| 17:43 | Build | Farm |
| 17:57 | Build | Farm |
| 18:09 | Create | Villager (Male) |
| 18:09 | Create | Villager (Male) |
| 18:29 | Create | Villager (Male) |
| 18:32 | Build | Farm |
| 18:47 | Build | Blacksmith |
| 18:57 | Build | House |
| 19:04 | Build | Farm |
| 19:24 | Build | Farm |
| 20:06 | Build | Farm |
| 20:21 | Research | Castle Age |
| 20:21 | Research | Castle Age |
| 20:21 | Create | Villager (Male) |
| 20:38 | Create | Villager (Male) |
| 20:55 | Build | House |
| 21:06 | Build | Archery Range |
| 21:43 | Build | House |
| 21:45 | Build | Palisade Wall |
| 21:56 | Research | Gold Mining |
| 21:56 | Research | Gold Mining |
| 21:59 | Research | Horse Collar |
| 22:07 | Build | Archery Range |
| 23:01 | Age | Castle Age |
| 23:18 | Create | Villager (Male) |
| 23:40 | Create | Villager (Male) |
| 23:43 | Research | Bow Saw |
| 23:57 | Research | Padded Archer Armor |
| 23:59 | Research | Fletching |
| 23:59 | Research | Padded Archer Armor |
| 24:29 | Create | Villager (Male) |
| 25:01 | Create | Spearman |
| 25:01 | Create | Spearman |
| 25:01 | Create | Spearman |
| 25:22 | Create | Spearman |
| 25:33 | Build | House |
| 25:38 | Build | House |
| 25:46 | Create | Villager (Male) |
| 25:46 | Create | Villager (Male) |
| 25:58 | Build | Barracks |
Build order — Axioo
First 150 of 174 actions detected
| 0:01 | Create | Villager (Male) |
| 0:02 | Build | House |
| 0:04 | Build | House |
| 0:28 | Create | Villager (Male) |
| 0:35 | Create | Villager (Male) |
| 0:50 | Create | Villager (Male) |
| 1:30 | Create | Villager (Male) |
| 1:53 | Build | Lumber Camp |
| 2:06 | Create | Villager (Male) |
| 2:27 | Create | Villager (Male) |
| 2:49 | Create | Villager (Male) |
| 3:24 | Create | Villager (Male) |
| 3:36 | Create | Villager (Male) |
| 3:51 | Build | Mill |
| 4:17 | Create | Villager (Male) |
| 4:38 | Create | Villager (Male) |
| 4:45 | Research | Loom |
| 4:48 | Build | House |
| 5:01 | Create | Villager (Male) |
| 5:33 | Create | Villager (Male) |
| 5:42 | Create | Villager (Male) |
| 6:27 | Create | Villager (Male) |
| 6:44 | Create | Villager (Male) |
| 6:57 | Build | House |
| 6:59 | Build | Lumber Camp |
| 7:02 | Create | Villager (Male) |
| 7:26 | Research | Feudal Age |
| 7:26 | Research | Feudal Age |
| 8:26 | Create | Villager (Male) |
| 8:43 | Build | Farm |
| 8:43 | Build | Farm |
| 8:43 | Build | Farm |
| 8:43 | Build | Farm |
| 8:50 | Create | Villager (Male) |
| 9:08 | Build | Mining Camp |
| 9:36 | Age | Feudal Age |
| 9:36 | Research | Double-Bit Axe |
| 9:37 | Research | Double-Bit Axe |
| 10:02 | Research | Horse Collar |
| 10:04 | Create | Villager (Male) |
| 10:05 | Create | Villager (Male) |
| 10:14 | Build | Farm |
| 10:26 | Build | House |
| 10:28 | Build | Palisade Wall |
| 10:55 | Build | Barracks |
| 11:01 | Create | Villager (Male) |
| 11:15 | Create | Villager (Male) |
| 11:46 | Build | Mill |
| 11:56 | Build | House |
| 11:59 | Build | Palisade Wall |
| 12:01 | Build | House |
| 12:11 | Create | Villager (Male) |
| 12:14 | Build | Lumber Camp |
| 12:40 | Create | Militia |
| 12:49 | Create | Villager (Male) |
| 12:55 | Build | Farm |
| 12:59 | Research | Man-at-Arms (upgrade) |
| 12:59 | Research | Man-at-Arms (upgrade) |
| 13:18 | Create | Militia |
| 13:38 | Build | Archery Range |
| 13:49 | Create | Villager (Male) |
| 13:49 | Create | Villager (Male) |
| 14:01 | Create | Militia |
| 14:06 | Create | Villager (Male) |
| 14:09 | Create | Archer |
| 14:23 | Create | Archer |
| 14:32 | Create | Villager (Male) |
| 14:36 | Build | Palisade Wall |
| 14:51 | Build | Blacksmith |
| 14:56 | Build | Palisade Wall |
| 14:59 | Build | Palisade Wall |
| 15:04 | Build | Palisade Wall |
| 15:06 | Create | Villager (Male) |
| 15:19 | Build | Palisade Wall |
| 15:27 | Create | Villager (Male) |
| 15:52 | Build | Palisade Gate |
| 16:01 | Create | Villager (Male) |
| 16:21 | Build | House |
| 16:22 | Build | House |
| 16:40 | Create | Villager (Male) |
| 16:47 | Research | Fletching |
| 16:47 | Research | Fletching |
| 17:04 | Build | Mill |
| 17:05 | Build | Farm |
| 17:06 | Build | Farm |
| 17:06 | Build | Farm |
| 17:06 | Build | Farm |
| 17:06 | Build | Farm |
| 17:15 | Create | Villager (Male) |
| 17:32 | Create | Villager (Male) |
| 17:48 | Build | Farm |
| 17:49 | Build | Farm |
| 17:51 | Build | Farm |
| 18:03 | Build | Farm |
| 18:10 | Create | Villager (Male) |
| 18:23 | Build | Lumber Camp |
| 18:30 | Create | Villager (Male) |
| 18:36 | Create | Archer |
| 18:37 | Create | Archer |
| 18:39 | Create | Archer |
| 18:48 | Create | Villager (Male) |
| 18:56 | Build | Mining Camp |
| 19:06 | Create | Archer |
| 19:19 | Create | Villager (Male) |
| 19:20 | Create | Villager (Male) |
| 19:28 | Build | Market |
| 19:35 | Build | Market |
| 19:52 | Create | Archer |
| 20:03 | Create | Villager (Male) |
| 20:05 | Create | Villager (Male) |
| 20:11 | Build | House |
| 20:12 | Build | House |
| 20:53 | Research | Castle Age |
| 20:53 | Research | Castle Age |
| 21:11 | Create | Skirmisher |
| 21:23 | Create | Villager (Male) |
| 21:31 | Build | Farm |
| 21:34 | Build | Farm |
| 21:43 | Create | Skirmisher |
| 21:44 | Create | Skirmisher |
| 21:48 | Create | Villager (Male) |
| 21:58 | Build | Farm |
| 21:59 | Build | Farm |
| 22:04 | Research | Gold Mining |
| 22:05 | Research | Gold Mining |
| 22:13 | Create | Skirmisher |
| 22:17 | Create | Villager (Male) |
| 22:26 | Research | Stone Mining |
| 22:27 | Research | Stone Mining |
| 22:39 | Create | Skirmisher |
| 22:47 | Create | Skirmisher |
| 23:33 | Age | Castle Age |
| 23:36 | Build | Town Center |
| 23:40 | Build | Town Center |
| 23:46 | Research | Elite Skirmisher (upgrade) |
| 23:46 | Research | Elite Skirmisher (upgrade) |
| 23:47 | Research | Crossbowman (upgrade) |
| 23:51 | Create | Skirmisher |
| 24:09 | Create | Skirmisher |
| 24:37 | Build | Archery Range |
| 25:01 | Create | Villager (Male) |
| 25:01 | Create | Villager (Male) |
| 25:11 | Create | Villager (Male) |
| 25:11 | Create | Villager (Male) |
| 25:13 | Create | Skirmisher |
| 25:13 | Create | Skirmisher |
| 25:17 | Create | Skirmisher |
| 25:18 | Create | Skirmisher |
| 25:33 | Build | House |
| 25:35 | Build | House |
Build order — Blackplant
First 150 of 157 actions detected
| 0:01 | Create | Villager (Male) |
| 0:02 | Create | Villager (Male) |
| 0:02 | Build | House |
| 0:04 | Build | House |
| 0:20 | Create | Villager (Male) |
| 0:20 | Create | Villager (Male) |
| 1:43 | Create | Villager (Male) |
| 1:44 | Create | Villager (Male) |
| 1:47 | Build | Lumber Camp |
| 2:06 | Create | Villager (Male) |
| 2:41 | Create | Villager (Male) |
| 2:57 | Create | Villager (Male) |
| 3:13 | Build | House |
| 3:16 | Create | Villager (Male) |
| 4:00 | Build | Mill |
| 4:15 | Create | Villager (Male) |
| 4:15 | Create | Villager (Male) |
| 4:15 | Create | Villager (Male) |
| 4:28 | Build | House |
| 5:04 | Create | Villager (Male) |
| 5:05 | Create | Villager (Male) |
| 5:05 | Create | Villager (Male) |
| 5:58 | Build | Mill |
| 6:00 | Create | Villager (Male) |
| 6:01 | Create | Villager (Male) |
| 6:01 | Create | Villager (Male) |
| 6:23 | Build | Mill |
| 6:29 | Research | Loom |
| 7:53 | Research | Feudal Age |
| 8:01 | Build | Barracks |
| 8:38 | Create | Villager (Male) |
| 8:48 | Create | Militia |
| 8:49 | Create | Militia |
| 9:01 | Create | Militia |
| 9:15 | Create | Villager (Male) |
| 10:03 | Age | Feudal Age |
| 10:07 | Create | Villager (Male) |
| 10:07 | Create | Villager (Male) |
| 10:10 | Build | Mining Camp |
| 10:16 | Build | House |
| 10:17 | Create | Villager (Male) |
| 10:46 | Build | House |
| 11:02 | Research | Double-Bit Axe |
| 11:03 | Research | Horse Collar |
| 11:06 | Build | Farm |
| 11:06 | Build | Farm |
| 11:06 | Build | Farm |
| 11:07 | Build | Farm |
| 11:07 | Build | Farm |
| 11:47 | Create | Villager (Male) |
| 11:50 | Build | Farm |
| 11:52 | Build | Farm |
| 12:15 | Create | Villager (Male) |
| 12:17 | Build | Farm |
| 12:23 | Create | Villager (Male) |
| 12:24 | Create | Villager (Male) |
| 12:37 | Create | Villager (Male) |
| 12:51 | Build | Farm |
| 12:59 | Create | Villager (Male) |
| 13:23 | Build | Palisade Wall |
| 13:49 | Create | Villager (Male) |
| 13:49 | Create | Villager (Male) |
| 14:15 | Create | Spearman |
| 14:17 | Build | House |
| 14:24 | Build | Palisade Wall |
| 14:27 | Create | Spearman |
| 14:40 | Build | Farm |
| 14:40 | Build | Farm |
| 14:46 | Build | Farm |
| 14:47 | Build | Farm |
| 14:50 | Build | Farm |
| 14:55 | Build | House |
| 15:35 | Build | House |
| 15:43 | Build | Palisade Wall |
| 15:58 | Build | Blacksmith |
| 16:00 | Create | Villager (Male) |
| 16:00 | Create | Villager (Male) |
| 16:34 | Build | Market |
| 16:40 | Build | Palisade Wall |
| 17:07 | Create | Villager (Male) |
| 17:26 | Build | Archery Range |
| 17:37 | Research | Castle Age |
| 17:47 | Build | Palisade Wall |
| 18:06 | Build | Farm |
| 18:06 | Build | Farm |
| 18:09 | Build | Farm |
| 18:20 | Research | Fletching |
| 18:22 | Research | Padded Archer Armor |
| 18:34 | Research | Gold Mining |
| 18:37 | Create | Villager (Male) |
| 18:37 | Create | Villager (Male) |
| 18:37 | Create | Villager (Male) |
| 19:14 | Build | Archery Range |
| 20:17 | Age | Castle Age |
| 20:17 | Research | Bodkin Arrow |
| 20:17 | Research | Bodkin Arrow |
| 20:21 | Create | Cavalry Archer |
| 20:21 | Create | Cavalry Archer |
| 20:21 | Create | Cavalry Archer |
| 20:25 | Build | House |
| 20:30 | Research | Bow Saw |
| 20:38 | Build | Palisade Wall |
| 20:47 | Create | Cavalry Archer |
| 20:48 | Create | Cavalry Archer |
| 21:23 | Create | Cavalry Archer |
| 21:33 | Create | Cavalry Archer |
| 21:33 | Create | Cavalry Archer |
| 21:35 | Create | Villager (Male) |
| 21:39 | Build | Town Center |
| 21:55 | Build | Palisade Gate |
| 21:59 | Create | Cavalry Archer |
| 21:59 | Create | Cavalry Archer |
| 22:08 | Build | House |
| 22:09 | Create | Villager (Male) |
| 22:09 | Create | Villager (Male) |
| 22:10 | Create | Villager (Male) |
| 22:25 | Create | Cavalry Archer |
| 22:25 | Create | Cavalry Archer |
| 22:34 | Create | Cavalry Archer |
| 22:34 | Create | Cavalry Archer |
| 22:35 | Create | Villager (Male) |
| 22:52 | Create | Cavalry Archer |
| 22:52 | Create | Cavalry Archer |
| 23:08 | Build | Palisade Wall |
| 23:17 | Build | Lumber Camp |
| 23:18 | Create | Villager (Male) |
| 23:18 | Create | Villager (Male) |
| 23:23 | Create | Cavalry Archer |
| 23:24 | Create | Cavalry Archer |
| 23:36 | Build | House |
| 23:38 | Create | Cavalry Archer |
| 23:39 | Create | Cavalry Archer |
| 24:30 | Create | Cavalry Archer |
| 24:30 | Create | Cavalry Archer |
| 24:31 | Create | Cavalry Archer |
| 24:42 | Build | Stable |
| 24:46 | Create | Villager (Male) |
| 24:46 | Create | Villager (Male) |
| 24:46 | Create | Villager (Male) |
| 25:05 | Create | Cavalry Archer |
| 25:05 | Create | Cavalry Archer |
| 26:09 | Research | Scale Barding Armor |
| 26:10 | Create | Villager (Male) |
| 26:11 | Create | Villager (Male) |
| 26:11 | Create | Villager (Male) |
| 26:12 | Create | Villager (Male) |
| 26:12 | Create | Villager (Male) |
| 26:13 | Create | Villager (Male) |
| 26:17 | Research | Heavy Plow |
| 26:22 | Create | Cavalry Archer |
Build order — Tacinho
146 actions detected in the replay
| 0:01 | Create | Villager (Male) |
| 0:01 | Create | Villager (Male) |
| 0:02 | Create | Villager (Male) |
| 0:02 | Build | House |
| 0:04 | Build | House |
| 0:36 | Create | Villager (Male) |
| 0:36 | Create | Villager (Male) |
| 1:34 | Create | Villager (Male) |
| 1:54 | Build | Lumber Camp |
| 2:08 | Create | Villager (Male) |
| 2:08 | Create | Villager (Male) |
| 2:15 | Create | Villager (Male) |
| 2:15 | Create | Villager (Male) |
| 2:56 | Create | Villager (Male) |
| 2:57 | Create | Villager (Male) |
| 3:22 | Create | Villager (Male) |
| 3:22 | Create | Villager (Male) |
| 3:50 | Create | Villager (Male) |
| 3:50 | Create | Villager (Male) |
| 3:50 | Create | Villager (Male) |
| 4:13 | Build | House |
| 4:26 | Build | Mill |
| 4:39 | Create | Villager (Male) |
| 4:40 | Create | Villager (Male) |
| 5:22 | Create | Villager (Male) |
| 5:22 | Create | Villager (Male) |
| 5:37 | Create | Villager (Male) |
| 5:38 | Create | Villager (Male) |
| 5:38 | Create | Villager (Male) |
| 5:38 | Create | Villager (Male) |
| 5:51 | Create | Villager (Male) |
| 5:51 | Create | Villager (Male) |
| 6:08 | Build | House |
| 7:12 | Build | Mill |
| 7:19 | Research | Loom |
| 8:11 | Research | Feudal Age |
| 9:33 | Build | Barracks |
| 9:43 | Build | House |
| 10:02 | Create | Villager (Male) |
| 10:14 | Create | Villager (Male) |
| 10:21 | Age | Feudal Age |
| 10:24 | Create | Villager (Male) |
| 10:34 | Build | Stable |
| 10:53 | Research | Double-Bit Axe |
| 11:22 | Create | Scout Cavalry |
| 11:37 | Build | House |
| 11:38 | Build | House |
| 11:47 | Create | Scout Cavalry |
| 11:53 | Create | Spearman |
| 11:54 | Create | Spearman |
| 12:04 | Create | Villager (Male) |
| 12:08 | Create | Scout Cavalry |
| 12:13 | Build | Blacksmith |
| 12:35 | Create | Villager (Male) |
| 12:40 | Build | Farm |
| 12:41 | Build | Farm |
| 12:44 | Create | Scout Cavalry |
| 13:04 | Create | Villager (Male) |
| 13:04 | Create | Villager (Male) |
| 13:07 | Build | Farm |
| 13:09 | Build | Farm |
| 13:55 | Build | Palisade Wall |
| 13:59 | Build | Palisade Gate |
| 14:00 | Create | Villager (Male) |
| 14:17 | Create | Villager (Male) |
| 14:22 | Create | Scout Cavalry |
| 14:44 | Create | Scout Cavalry |
| 14:46 | Create | Villager (Male) |
| 15:13 | Create | Villager (Male) |
| 15:22 | Build | Farm |
| 15:23 | Build | Farm |
| 15:24 | Build | Farm |
| 15:26 | Create | Scout Cavalry |
| 15:41 | Build | Farm |
| 15:50 | Build | Farm |
| 15:51 | Build | Farm |
| 15:53 | Build | Farm |
| 15:54 | Build | Farm |
| 16:03 | Build | Mining Camp |
| 16:21 | Create | Villager (Male) |
| 16:27 | Build | House |
| 16:30 | Build | House |
| 16:42 | Create | Villager (Male) |
| 17:07 | Create | Villager (Male) |
| 17:21 | Create | Spearman |
| 17:23 | Create | Villager (Male) |
| 17:38 | Create | Villager (Male) |
| 17:38 | Create | Villager (Male) |
| 17:54 | Create | Villager (Male) |
| 17:57 | Build | House |
| 17:59 | Build | House |
| 18:02 | Build | Farm |
| 18:04 | Build | Farm |
| 18:05 | Build | Farm |
| 18:06 | Create | Villager (Male) |
| 18:32 | Build | Farm |
| 18:56 | Build | Market |
| 18:59 | Create | Villager (Male) |
| 19:27 | Build | House |
| 19:35 | Build | Palisade Gate |
| 19:39 | Create | Villager (Male) |
| 20:20 | Research | Castle Age |
| 20:44 | Create | Villager (Male) |
| 20:55 | Research | Gold Mining |
| 20:56 | Research | Horse Collar |
| 21:03 | Build | Farm |
| 21:06 | Build | Farm |
| 21:08 | Build | Farm |
| 21:14 | Build | Farm |
| 21:15 | Build | Farm |
| 21:32 | Build | Stable |
| 21:40 | Research | Bloodlines |
| 22:10 | Research | Scale Barding Armor |
| 22:31 | Build | Farm |
| 23:00 | Age | Castle Age |
| 23:04 | Build | Town Center |
| 23:13 | Create | Knight ×5 |
| 23:16 | Create | Villager (Male) |
| 23:36 | Build | Town Center |
| 23:39 | Create | Villager (Male) |
| 23:46 | Create | Villager (Male) |
| 24:03 | Create | Villager (Male) |
| 24:04 | Create | Villager (Male) |
| 24:28 | Create | Villager (Male) |
| 24:28 | Create | Villager (Male) |
| 24:31 | Create | Villager (Male) |
| 24:31 | Create | Villager (Male) |
| 24:36 | Create | Villager (Male) |
| 24:52 | Create | Knight |
| 24:52 | Create | Knight |
| 24:54 | Create | Villager (Male) |
| 25:30 | Research | Wheelbarrow |
| 25:31 | Create | Villager (Male) |
| 25:32 | Create | Villager (Male) |
| 25:34 | Create | Villager (Male) |
| 25:34 | Create | Villager (Male) |
| 25:44 | Create | Villager (Male) |
| 25:45 | Create | Villager (Male) |
| 26:13 | Create | Knight ×3 |
| 26:13 | Create | Knight ×3 |
| 26:39 | Create | Villager (Male) |
| 26:45 | Create | Villager (Male) |
| 26:49 | Create | Villager (Male) |
| 26:49 | Create | Villager (Male) |
| 26:52 | Create | Knight |
| 26:53 | Create | Knight |
Match timeline
| 8:01 | Blackplant · first_building Barracks |
| 8:13 | WookiesDERREW · first_building Barracks |
| 9:19 | WookiesDERREW · age_up feudal |
| 9:33 | Tacinho · first_building Barracks |
| 9:36 | Axioo · age_up feudal |
| 9:37 | WookiesDERREW · first_building Stable |
| 10:03 | Blackplant · age_up feudal |
| 10:21 | Tacinho · age_up feudal |
| 10:28 | Axioo · wall_segment Palisade Wall x2 |
| 10:34 | Tacinho · first_building Stable |
| 10:55 | Axioo · first_building Barracks |
| 11:11 | WookiesDERREW · wall_segment Palisade Wall x1 |
| 11:59 | Axioo · wall_segment Palisade Wall x1 |
| 12:11 | WookiesDERREW · wall_segment Palisade Wall x1 |
| 13:23 | Blackplant · wall_segment Palisade Wall x7 |
| 13:38 | Axioo · first_building Archery Range |
| 13:55 | Tacinho · wall_segment Palisade Wall x6 |
| 14:24 | Blackplant · wall_segment Palisade Wall x10 |
| 14:36 | Axioo · wall_segment Palisade Wall x9 |
| 14:56 | Axioo · wall_segment Palisade Wall x8 |
| 14:59 | Axioo · wall_segment Palisade Wall x8 |
| 15:04 | Axioo · wall_segment Palisade Wall x13 |
| 15:19 | Axioo · wall_segment Palisade Wall x6 |
| 15:43 | Blackplant · wall_segment Palisade Wall x13 |
| 16:40 | Blackplant · wall_segment Palisade Wall x1 |
| 17:26 | Blackplant · first_building Archery Range |
| 17:47 | Blackplant · wall_segment Palisade Wall x9 |
| 19:35 | Blackplant · first_market_sell 100 food |
| 20:17 | Blackplant · age_up castle |
| 20:38 | Blackplant · wall_segment Palisade Wall x15 |
| 20:45 | Axioo · first_market_buy 100 food |
| 21:06 | WookiesDERREW · first_building Archery Range |
| 21:45 | WookiesDERREW · wall_segment Palisade Wall x3 |
| 23:00 | Tacinho · age_up castle |
| 23:01 | WookiesDERREW · age_up castle |
| 23:08 | Blackplant · wall_segment Palisade Wall x9 |
| 23:33 | Axioo · age_up castle |
| 24:42 | Blackplant · first_building Stable |
| 26:23 | WookiesDERREW · resign |
[ AI ANALYSIS · 1 CREDIT ]
What really happened in this match?
Wolo.gg analyzes every decision: build order, eco, micro, common mistakes by bracket. Personalized analysis on WhatsApp or Discord in 30 seconds.
Civ guide
Mongols
Perfil
Jugador #7030311